cohdb
Replays
Latest Replays
All Replays
Popular Replays
Top Player Replays
Match Explorer
How It Works
Community
CoH3 Stats
Reddit
Sign in to upload your games and track your stats! →
Sign in with Steam
Match 42057376
Unlisted
Match 42057376
Overview
Messages
Build Orders
End
Construct Barracks
Selects Advanced Infantry Battlegroup
Riflemen Squad
Riflemen Squad
Grenade Package
Riflemen Squad
Riflemen Squad
Infantry Support Center
Selects Convert to Ranger Squad
Construct Weapon Support Center
Advanced Logistics
Riflemen Squad
Riflemen Squad
Selects Frontline Medical Station
Frontline Medical Station
Riflemen Squad
M1918 Browning Automatic Rifles
Survival Training
Selects Ranger Weapon Training
Convert to Ranger Squad
Improved M9 Bazooka Rockets
Munitions Surplus
Engineer Squad
Selects Ammunition Storage
.30 cal Machine Gun
Convert to Ranger Squad
Selects M2A1 105mm Howitzer Emplacement
Convert to Ranger Squad
Selects Free Fire Drills
M1919 Machine Gun Team
Frontline Medical Station
Construct Motor Pool
Construct Medical Station
M1 Anti-tank Gun Team
Engineer Squad
MDiesel
Scorps
Qatheeb al-Akbar
Carecup
26 letters
【嗜血狼族】灵狐魅儿
Valdai
Sailor
0
0
Comments
sign in to comment!
No comments posted yet!